 Dungeon Crawl Stone Soup version 0.31-a0-844-gdc52ec4e09 (webtiles) character file.

Game seed: 8580026680448978105

159 Ijustatesigmund the Magician (level 5, -3/30 HPs)
             Began as a Deep Elf Fire Elementalist on Sept 28, 2023.
             Slain by a gnoll
             ... wielding a +2 halberd of flaming
             ... led by a gnoll bouda
              (13 damage)
             ... on level 4 of the Dungeon.
             The game lasted 00:04:51 (2423 turns).

Ijustatesigmund the Magician (DEFE)                 Turns: 2423, Time: 00:04:52

Health: -3/30      AC:  2    Str:  5    XL:     5   Next: 17%
Magic:  10/13      EV: 12    Int: 22    God:
Gold:   119        SH:  0    Dex: 15    Spells: 5/12 levels left

rFire   + . .        t - staff of fire
rCold   . . .        (no shield)
rNeg    . . .        a - +0 robe
rPois   .            (no helmet)
rElec   .            (no cloak)
rCorr   .            (no gloves)
SInv    .            (no boots)
Will    .....        m - amulet of magic regeneration
Stlth   ++           (no ring)
HPRegen 0.25/turn    (no ring)
MPRegen 0.53/turn

%: no passive effects
@: very slightly contaminated
A: no striking features
a: no special abilities


You were on level 4 of the Dungeon.
You visited 1 branch of the dungeon, and saw 4 of its levels.

You collected 119 gold pieces.

Inventory:

Hand Weapons
 d - a +0 sling
 e - a +2 great sword of holy wrath
Armour
 a - a +0 robe (worn)
Magical Staves
 t - a staff of fire (weapon)
Jewellery
 m - an amulet of magic regeneration (around neck)
Wands
 l - a wand of iceblast (13)
Scrolls
 g - 2 scrolls of teleportation {unknown}
 h - 2 scrolls of torment {unknown}
 n - a scroll of brand weapon {unknown}
 o - 2 scrolls of immolation {unknown}
 p - a scroll of fog {unknown}
 r - 2 scrolls of identify {unknown}
 s - a scroll of silence {unknown}
Potions
 b - a potion of magic
 c - 6 potions of curing {unknown}
 f - a potion of heal wounds {unknown}
 i - 2 potions of resistance {unknown}
 j - a potion of lignification {unknown}
 k - a potion of mutation {unknown}
 q - a potion of invisibility {unknown}


   Skills:
 + Level 1.7 Fighting
 - Level 2.4 Dodging
 - Level 2.4 Stealth
 + Level 4.4 Spellcasting
 + Level 2.9 Conjurations
 + Level 4.2 Fire Magic


You had 5 spell levels left.
You knew the following spells:

 Your Spells              Type           Power      Damage    Failure   Level
a - Foxfire               Conj/Fire      100%       2x1d9     2%          1
b - Scorch                Fire           70%        2d7       2%          2
c - Flame Wave            Conj/Fire      31%        2d9       24%         4

Your spell library contained the following spells:

 Spells                   Type           Power      Damage    Failure   Level
 Momentum Strike          Conj/Tloc      22%        3d8       9%          2
 Inner Flame              Hex/Fire       21%        N/A       13%         3
 Volatile Blastmotes      Fire/Tloc      42%        2d13      13%         3
 Blink                    Tloc           8%         N/A       16%         2
 Lesser Beckoning         Tloc           8%         N/A       16%         2
 Wereblood                Tmut           4%         N/A       16%         2
 Irradiate                Conj/Tmut      5%         3d13      85%         5
 Alistair's Intoxication  Tmut/Pois      2%         N/A       96%         5
 Borgnjor's Vile Clutch   Necr/Erth      2%         N/A       96%         5
 Eringya's Noxious Bog    Tmut/Pois      2%         4d6       100%        6
 Summon Cactus Giant      Summ           2%         N/A       100%        6


Dungeon Overview and Level Annotations

Branches:
Dungeon (4/15)
 Temple: D:4-7

Altars:
Gozag

Shops:
D:1 [


Message History

The gnoll is severely wounded.
The gnoll bouda barely misses you.
A wave of flame ripples out!
The flame wave engulfs the gnoll bouda.
The gnoll bouda is almost dead.
The flame wave engulfs the gnoll but does no damage.
The gnoll is severely wounded.
You finish channelling waves of flame.
Casting: Flame Wave (extremely dangerous; 24% risk of failure)
Confirm with . or Enter, or press ? or * to list all spells.
Casting: Flame Wave (extremely dangerous; 24% risk of failure)
Press: ? - help, Dir - look around, f - activate You feel a surge of power!
You miscast Flame Wave.
You are very lightly contaminated with residual magic.
Fire whirls out from your hands. You resist.
The gnoll bouda barks out a call to the hunt!
The gnoll picks up the pace!
Casting: Flame Wave (extremely dangerous; 24% risk of failure)
Confirm with . or Enter, or press ? or * to list all spells.
Okay, then.
Casting: Flame Wave (extremely dangerous; 24% risk of failure)
Confirm with . or Enter, or press ? or * to list all spells.
Casting: Flame Wave (extremely dangerous; 24% risk of failure)
Press: ? - help, Dir - look around, f - activate You feel a surge of power!
You miscast Flame Wave.
Flames sear your flesh. You resist. The gnoll hits you with a +0 flail!
* * * LOW HITPOINT WARNING * * *
The gnoll bouda barely misses you.
Okay, then.
Magic courses through your body. The gnoll closely misses you.
The gnoll bouda barks out a call to the hunt!
The gnoll picks up the pace!
A goblin comes into view. It is wielding a +0 dagger.
Casting: Flame Wave (extremely dangerous; 24% risk of failure)
Confirm with . or Enter, or press ? or * to list all spells.
Casting: Flame Wave (extremely dangerous; 24% risk of failure)
Press: ? - help, Dir - look around, f - activate You feel a surge of power!
You miscast Flame Wave.
Nothing appears to happen.
The goblin shouts!
The gnoll hits you from afar with a +2 halberd of flaming!
You die...

.. g## ..#### .#.
.....# ...# # #.##.#
..... #. #.##.# ..g..
#.# #.##.######.
.gg... #.##@##....)...
...g§.###ggg..........
....S§§#.##.##........
#..##.##.######.
##.##.##.# #.##.##.#
#.##.##)# #.......#
.....####


You could see a gnoll bouda, 2 gnolls and a goblin.

Vanquished Creatures
  A hound (D:4)
  Jessica (D:2)
  A gnoll (D:3)
  4 adders
  A worm (D:3)
  5 dart slugs
  5 ball pythons
  6 endoplasms
  3 giant cockroaches (D:1)
  4 goblins (D:2)
  4 hobgoblins
  A kobold (D:1)
  2 quokkas
  3 bats (D:1)
  5 rats
46 creatures vanquished.

Vanquished Creatures (others)
  141 foxfires
141 creatures vanquished.

Grand Total: 187 creatures vanquished

Notes
Turn   | Place    | Note
-------+----------+-------------------------------------------
     0 | D:1      | Ijustatesigmund the Deep Elf Fire Elementalist began the
                  | quest for the Orb.
     0 | D:1      | Reached XP level 1. HP: 10/10 MP: 6/6
    62 | D:1      | Found Ajeg's Antique Armour Boutique.
   229 | D:1      | Reached XP level 2. HP: 16/16 MP: 5/8
   232 | D:1      | Learned a level 2 spell: Scorch
  1084 | D:2      | Reached XP level 3. HP: 20/20 MP: 5/10
  1173 | D:2      | Found an opulent altar of Gozag.
  1199 | D:2      | Noticed Jessica
  1201 | D:2      | Killed Jessica
  1202 | D:2      | Reached skill level 1 in Fighting
  1369 | D:2      | Reached XP level 4. HP: 25/25 MP: 5/11
  1384 | D:2      | Learned a level 4 spell: Flame Wave
  2148 | D:4      | Reached XP level 5. HP: 20/30 MP: 13/13
  2423 | D:4      | Slain by a gnoll

Illustrated notes

Levels and vault maps discovered:
D:1:      ebering_trefoil_3fold, layout_basic, serial_shops, shop,
          item_on_display_a
D:2:      layout_rooms, basic_altar, uniq_jessica
D:3:      layout_rooms
D:4:      layout_loops_cross, serial_shops, nicolae_shop_bloodbath_and_beyond,
          uniq_blork_the_orc, uniq_robin, uniq_edmund

Skill      XL: |  1  2  3  4 |
---------------+-------------+-----
Conjurations   | 2 |  2.9
Fighting       | 1 |  1.7
Fire Magic     | 4 |  4.2
Spellcasting   | 4 |  4.4
Dodging        | |  2.4
Stealth        | |  2.4

Action                     |  1- 3 |  4- 6 || total
---------------------------+-------+-------++-------
  Melee: Great sword       |    10 |       ||    10
   Fire: Sling             |     4 |       ||     4
   Cast: Foxfire           |    51 |    33 ||    84
         Scorch            |     3 |     9 ||    12
         Flame Wave        |       |     1 ||     1
    Use: Potion            |       |     1 ||     1
   Stab: Sleeping          |     1 |       ||     1
 Armour: Robe              |    22 |    10 ||    32
  Dodge: Dodged            |    18 |     7 ||    25

Table legend: (Time is in decaauts)
 A = Elapsed time spent in this place.
 B = Non-inter-level travel time spent in this place.
 C = Inter-level travel time spent in this place.
 D = Time resting spent in this place.
 E = Time spent auto-exploring this place.
 F = Levels seen in this place.
 G = Mean time per level.
                   A        B        C        D        E       F      G
               +--------+--------+--------+--------+--------+-----+--------+
         Total |   2431 |   2374 |     57 |    289 |   1704 |   4 |  607.8 |
       Dungeon |   2431 |   2374 |     57 |    289 |   1704 |   4 |  607.8 |
               +--------+--------+--------+--------+--------+-----+--------+

Top non-repeatable levels by time:
     D:1: 1035 daAuts
     D:2: 693 daAuts
     D:3: 516 daAuts
     D:4: 185 daAuts
